 Dungeon Crawl Stone Soup version 0.26-a0-614-g457a34c (webtiles) character file.

Game seed: 9588739960742653179

54771 robertstho the Cleaver (level 14, 0/126 HPs)
             Began as a Hill Orc Fighter on Sept 11, 2020.
             Was the Champion of Beogh.
             Slain by a two-headed ogre
             ... wielding a +0 giant spiked club
              (12 damage)
             ... on level 2 of the Orcish Mines.
             The game lasted 00:39:11 (26697 turns).

robertstho the Cleaver (Hill Orc Fighter)          Turns: 26697, Time: 00:39:13

Health: 0/126      AC: 22    Str: 24    XL:     14   Next: 74%
Magic:  22/22      EV: 14    Int:  8    God:    Beogh [******]
Gold:   1132       SH:  5    Dex: 10    Spells: 13/13 levels left

rFire    + + +     SeeInvis .   W - +2 bardiche (flame)
rCold    + . .     Faith    .   (shield currently unavailable)
rNeg     . . .     Spirit   .   T - +3 plate armour {rF+}
rPois    .         Reflect  +   l - +1 helmet
rElec    .         Harm     .   w - scarf {rC+ rF+}
rCorr    .                      x - +0 pair of gloves
MR       +....                  (no boots)
Stlth    ..........             D - amulet of reflection
HPRegen  0.31/turn              Q - ring of protection from fire
MPRegen  0.18/turn              X - +4 ring of evasion

@: lethally poisoned (0 -> -6), stab
A: walk on water
a: Smiting, Recall Orcish Followers, Give Item to Named Follower, Resurrection,
Renounce Religion


You were on level 2 of the Orcish Mines.
You worshipped Beogh.
Beogh was exalted by your worship.
You visited 3 branches of the dungeon, and saw 20 of its levels.
You also visited: Ossuary, Ice Cave and Volcano.

You collected 1624 gold pieces.
You spent 492 gold pieces at shops.

Inventory:

Hand Weapons
 d - a +1 demon blade of flaming
 z - a +0 vampiric trident
 I - a +1 trident of venom
 N - a +0 glaive of flaming
 W - a +2 bardiche of flaming (weapon)
 Y - a +2 glaive of flaming
 Z - a +2 battleaxe of flaming
Missiles
 f - 60 poisoned darts (quivered)
 y - 15 curare-tipped darts
Armour
 c - a +0 kite shield
 j - a +2 scale mail of poison resistance
 l - a +1 helmet (worn)
 w - a scarf of resistance (worn)
 x - a +0 pair of gloves (worn)
 O - +0 acid dragon scales
 T - a +3 plate armour of fire resistance (worn)
Jewellery
 u - an uncursed amulet of regeneration
 v - an uncursed ring of flight
 C - an uncursed amulet of the acrobat
 D - an amulet of reflection (around neck)
 Q - a ring of protection from fire (left hand)
 X - a +4 ring of evasion (right hand)
Wands
 G - a wand of enslavement (10)
 L - a wand of digging (5)
 M - a wand of iceblast (11)
 S - a wand of acid (12)
Scrolls
 a - a scroll of noise {unknown}
 e - 6 scrolls of teleportation
 g - 4 scrolls of enchant armour
 h - 4 scrolls of enchant weapon {unknown}
 i - 2 scrolls of summoning {unknown}
 n - 9 scrolls of remove curse
 p - 3 scrolls of fear {unknown}
 q - 6 scrolls of blinking {unknown}
 s - 4 scrolls of amnesia {unknown}
 t - a scroll of immolation
 B - a scroll of random uselessness {unknown}
 E - 4 scrolls of fog {unknown}
 H - 3 scrolls of acquirement {unknown}
 J - 3 scrolls of identify
 K - a scroll of silence {unknown}
Potions
 b - a potion of resistance
 k - 5 potions of magic
 m - 3 potions of haste
 o - 3 potions of flight
 r - 9 potions of curing
 A - 4 potions of lignification
 F - a potion of stabbing
 P - 2 potions of ambrosia
 R - a potion of cancellation
Miscellaneous
 U - a lightning rod (4/4)
 V - a lightning rod (4/4)


   Skills:
 * Level 12.3 Fighting
 + Level 13.2(16.0) Axes
 * Level 13.1(14.6) Polearms
 * Level 11.4 Armour
 * Level 7.4 Dodging
 + Level 1.7 Stealth
 + Level 8.2 Shields
 * Level 11.2 Invocations


You had 13 spell levels left.
You didn't know any spells.
Your spell library contained the following spells:

 Spells                   Type           Power        Failure   Level
 Corona                   Hex            #......      99%         1
 Freeze                   Ice            #...         99%         1
 Frozen Ramparts          Ice            #.....       100%        3
 Ozocubu's Armour         Ice            #.......     100%        3
 Animate Dead             Necr           #.........   100%        4
 Hailstorm                Conj/Ice       #.......     100%        4
 Summon Ice Beast         Ice/Summ       #.......     100%        4
 Summon Lightning Spire   Summ/Air       #.......     100%        4
 Borgnjor's Vile Clutch   Necr/Erth      #.........   100%        5
 Irradiate                Conj/Tmut      #.........   100%        5
 Silence                  Hex/Air        #.........   100%        5
 Conjure Ball Lightning   Conj/Air       #.........   100%        6
 Death Channel            Necr           #.........   100%        6
 Hydra Form               Tmut           #.........   100%        6
 Simulacrum               Ice/Necr       #.........   100%        6
 Statue Form              Tmut/Erth      #........    100%        6
 Dragon Form              Tmut           #.........   100%        7
 Tornado                  Air            #.........   100%        9


Dungeon Overview and Level Annotations

Branches:
Dungeon (12/15)            Temple (0/1) D:7            Lair (6/6) D:10
 Shoals (0/4) Lair:4       Spider (0/4) Lair:4        Slime (0/5) Lair:6
    Orc (2/2) D:9         Ossuary (visited)           IceCv (visited)
Volcano (visited)
    Elf: Orc:2

Altars:
Ashenzari
Dithmenos
Fedhas
Kikubaaqudgha
Makhleb
Nemelex Xobeh
Okawaru
Ru
Sif Muna
Uskayaw
Vehumet
Wu Jian
Xom

Shops:
D:10 !   D:11 (   Orc:2 *[[*!

Portals:
Abyss: D:12

Annotations:
D:12 2 transporters, YayAnonymity's ghost, journeyman TrFi


Message History

You resist with some effort.
You feel sick.
The ogre mage gestures at you while chanting.
The bolt of lightning misses you.
Found Maedam's Assorted Antiques.
You feel sick.
You feel sick.
You feel sick.
The two-headed ogre hits you with a +0 giant spiked club.
* * * LOW HITPOINT WARNING * * *
The two-headed ogre hits you with a +0 giant club!
* * * LOW HITPOINT WARNING * * *
There is a stone staircase leading up, spattered with blood here.
You feel sick.
The two-headed ogre completely misses you.
The two-headed ogre hits you with a +0 giant spiked club!
* * * LOW HITPOINT WARNING * * *
The two-headed ogre completely misses you.
The two-headed ogre hits you with a +0 giant club!
You die...

.........## ##
.....$..$..## #.##
........#...####...# ##
.#.#.........##....##.##
..............$....#...#
.........OOO...........#
..........#O.O...$....#
.......O.##.OO......# #
.......@O.#....O...## ..
...............O.O.##...
............O..O..[.....
.................)))....
.^................).....
...........########..###
..........##


OOO. ..........# ..... .#$.$....# .O... You could see 3 two-headed ogres, an
ogre mage (fast) and 2 ogres.

Vanquished Creatures
  3 dire elephants (Lair:6)
  2 ogre magi
  5 hydras
  7 two-headed ogres
  An anaconda (Lair:6)
  5 death yaks (Lair:5)
  2 ugly things
  3 salamanders (Volcano)
  A cyclops (D:12)
  2 elephants (Lair:6)
  2 black mambas
  2 ice statues (IceCv)
  A torpor snail (Lair:2)
  5 cane toads
  A rime drake (Lair:6)
  Maggie (D:10)
  4 komodo dragons
  3 ice devils (IceCv)
  4 trolls
  A merfolk (Lair:4)
  10 blink frogs
  5 hippogriffs
  A tarantella (Lair:4)
  A centaur simulacrum (D:12)
  6 wyverns (Volcano)
  A vampire (D:12)
  10 fire bats (Volcano)
  27 yaks
  2 basilisks
  2 vampire mosquitoes (D:11)
  A steam dragon (Volcano)
  A warg (Orc:1)
  A soldier ant (D:10)
  6 water moccasins
  6 porcupines
  A swamp drake (Lair:4)
  6 orc warriors
  2 ice beasts
  6 sky beasts
  4 phantoms
  A black bear (D:9)
  14 ogres
  19 wolves
  5 centaurs
  16 crocodiles
  3 elf zombies (Ossuary)
  2 big kobolds
  4 bullfrogs
  An elf skeleton (D:6)
  A gnoll sergeant (D:9)
  6 killer bees
  5 scorpions
  2 wights (D:10)
  An electric eel (Lair:4)
  A howler monkey (D:5)
  A bullfrog zombie (D:5)
  4 human zombies
  2 centaur zombies (Ossuary)
  6 hounds
  3 jellies
  2 orc priests
  8 orc wizards
  A centaur skeleton (D:10)
  3 iguanas
  3 human skeletons (D:6)
  Natasha (twice) (D:2)
  12 worker ants
  A hell rat (Lair:2)
  3 hound zombies
  3 hound skeletons
  3 mummies (Ossuary)
  A worker ant zombie (D:7)
  A howler monkey zombie (D:7)
  A howler monkey skeleton (D:6)
  3 river rats (Lair:2)
  11 adders
  14 gnolls
  3 shadow imps
  7 white imps
  9 ufetubi
  2 oozes
  2 adder zombies (Ossuary)
  An adder skeleton (D:4)
  3 worms
  4 dart slugs
  5 leopard geckos
  18 orcs
  12 bats
  8 giant cockroaches
  2 gnoll zombies (Ossuary)
  11 goblins
  8 hobgoblins
  7 jackals
  14 kobolds
  8 quokkas
  2 ball pythons
  6 frilled lizards
  4 goblin zombies (Ossuary)
  2 hobgoblin zombies (Ossuary)
  4 jackal zombies (Ossuary)
  2 kobold zombies (Ossuary)
  A leopard gecko skeleton (D:6)
  2 orc zombies
  3 quokka zombies (Ossuary)
  6 rats
  3 rat zombies (Ossuary)
482 creatures vanquished.

Vanquished Creatures (collateral kills)
  A dire elephant (Lair:6)
  A fire dragon (Volcano)
  2 hydras
  A two-headed ogre (Orc:2)
  A death yak (Lair:5)
  A lindwurm (Lair:3)
  An oklob plant (D:10)
  An ugly thing (D:12)
  2 elephants (Lair:6)
  3 black mambas
  A centaur skeleton (D:12)
  5 cane toads
  A rime drake (Lair:4)
  2 trolls
  A hornet (D:11)
  11 blink frogs
  3 hippogriffs
  A wyvern (Lair:4)
  19 yaks
  Grum (D:11)
  A vampire mosquito (D:11)
  A steam dragon (Lair:4)
  A basilisk (Lair:3)
  3 porcupines
  10 water moccasins
  3 ice beasts
  A sky beast (D:11)
  2 orc warriors
  A black bear (Lair:2)
  4 ogres
  7 crocodiles
  14 wolves
  2 centaurs
  11 bullfrogs
  A wyvern zombie (D:11)
  6 wights
  A killer bee (D:8)
  5 howler monkeys
  2 orc priests
  3 orc wizards
  3 jellies
  An iguana (D:10)
  A hell rat (Lair:2)
  2 worker ants
  A hound skeleton (D:7)
  2 adders (D:11)
  3 river rats (Lair:2)
  2 ufetubi
  3 oozes (Lair:6)
  11 orcs
  A quokka (D:9)
  2 butterflies (Lair:1)
170 creatures vanquished.

Vanquished Creatures (others)
  4 orc knights
  A rime drake (Lair:4)
  8 orc warriors
  A yak (Lair:6)
  6 orc wizards
  2 orc priests
  An iguana (D:4)
  A worker ant (D:4)
  2 white imps (IceCv)
  6 ufetubi (IceCv)
  28 orcs
  A kobold (D:10)
  49 fungi
  91 plants
201 creatures vanquished.

Grand Total: 853 creatures vanquished

Notes
Turn   | Place    | Note
-------+----------+-------------------------------------------
     0 | D:1      | robertstho the Hill Orc Fighter began the quest for the
                  | Orb.
     0 | D:1      | Reached XP level 1. HP: 19/19 MP: 1/1
    39 | D:1      | Reached XP level 2. HP: 27/27 MP: 2/2
   515 | D:1      | Reached XP level 3. HP: 33/33 MP: 3/3
   936 | D:2      | Reached XP level 4. HP: 41/41 MP: 4/4
  1116 | D:2      | Reached skill level 1 in Dodging
  1173 | D:2      | Noticed Natasha
  1181 | D:2      | Killed Natasha
  1239 | D:2      | Noticed Natasha
  1252 | D:2      | Killed Natasha
  1252 | D:2      | Reached skill level 5 in Axes
  1252 | D:2      | Reached XP level 5. HP: 27/47 MP: 5/5
  1655 | D:2      | Found a sacrificial altar of Ru.
  1655 | D:2      | Found a blossoming altar of Fedhas.
  2248 | D:3      | Found a faded altar of an unknown god.
  2530 | D:3      | Reached XP level 6. HP: 53/53 MP: 6/6
  2550 | D:3      | Found a burning altar of Makhleb.
  2815 | D:4      | Noticed a phantom
  2832 | D:4      | Killed a phantom
  3018 | D:4      | Reached skill level 5 in Fighting
  3018 | D:4      | Reached XP level 7. HP: 52/61 MP: 7/7
  3220 | D:4      | Became a worshipper of Beogh the Brigand
  3943 | D:4      | Found a sparkling altar of Nemelex Xobeh.
  4045 | D:5      | Entered Level 5 of the Dungeon
  4063 | D:5      | Reached skill level 1 in Invocations
  4117 | D:5      | Reached skill level 5 in Armour
  4120 | D:5      | Reached XP level 8. HP: 47/68 MP: 9/9
  4291 | D:5      | Reached * piety under Beogh
  4594 | D:5      | Found a radiant altar of Vehumet.
  4641 | D:5      | Found an ancient bone altar of Kikubaaqudgha.
  4643 | D:5      | Found a shimmering blue altar of Sif Muna.
  4649 | D:5      | Identified Sif Muna's Grimoire of Malediction
  5220 | D:6      | Reached skill level 5 in Shields
  5228 | D:6      | Reached ** piety under Beogh
  5239 | D:6      | Reached XP level 9. HP: 75/75 MP: 11/11
  5248 | D:6      | Reached skill level 10 in Axes
  5250 | D:6      | Found a sand-covered staircase.
  5265 | Ossuary  | Entered an ossuary
  5504 | Ossuary  | Reached *** piety under Beogh
  5736 | D:6      | Found an iron altar of Okawaru.
  5759 | D:6      | Found an ornate altar of the Wu Jian Council.
  5760 | D:6      | Found a shimmering altar of Xom.
  6531 | D:7      | Reached skill level 1 in Stealth
  6628 | D:7      | Found a staircase to the Ecumenical Temple.
  6686 | D:7      | Reached skill level 5 in Invocations
  6939 | D:7      | Found a blossoming altar of Fedhas.
  6998 | D:7      | Reached XP level 10. HP: 23/84 MP: 9/13
  7498 | D:7      | Gained Zorug as an ally
  8594 | D:9      | Found a staircase to the Orcish Mines.
  8915 | D:8      | Your ally Zorug died
  9070 | D:9      | Reached **** piety under Beogh
  9293 | D:9      | Found a shadowy altar of Dithmenos.
  9293 | D:9      | Found a shattered altar of Ashenzari.
  9296 | D:9      | Found a hide-covered altar of Uskayaw.
  9771 | D:9      | Reached skill level 1 in Polearms
 10192 | D:10     | Entered Level 10 of the Dungeon
 10329 | D:10     | Identified the cursed +3 spear of Impeachment {holy, +Blink
                  | Str-4 Stlth+}
 10404 | D:10     | Noticed an oklob plant
 10407 | D:10     | Found a staircase to the Lair.
 10418 | D:10     | Killed an oklob plant
 10418 | D:10     | Reached XP level 11. HP: 94/94 MP: 15/15
 10461 | D:10     | Noticed Maggie
 10474 | D:10     | Killed Maggie
 10717 | D:10     | Found Zatargh's Distillery.
 10727 | D:10     | Bought a potion of curing for 36 gold pieces
 10727 | D:10     | Bought a potion of curing for 36 gold pieces
 10727 | D:10     | Bought a potion of resistance for 120 gold pieces
 10727 | D:10     | Bought a potion of degeneration for 12 gold pieces
 10727 | D:10     | Bought a potion of cancellation for 96 gold pieces
 10727 | D:10     | Bought 2 potions of heal wounds for 120 gold pieces
 10727 | D:10     | Bought a potion of curing for 36 gold pieces
 10727 | D:10     | Bought a potion of curing for 36 gold pieces
 11095 | D:10     | Gained Wargrak as an ally
 11132 | D:11     | Noticed Grum
 11151 | D:11     | Killed Grum
 11758 | D:11     | Found Fepyun's Weapon Emporium.
 11909 | D:11     | Reached skill level 5 in Dodging
 12009 | D:11     | Noticed a purple ugly thing
 12019 | D:11     | Killed a purple ugly thing
 12025 | D:11     | Reached ***** piety under Beogh
 12852 | D:12     | Reached skill level 5 in Polearms
 13314 | D:12     | Noticed a red ugly thing
 13322 | D:12     | Killed a red ugly thing
 13338 | D:12     | Noticed a cyclops
 13344 | D:12     | Killed a cyclops
 13896 | D:12     | Noticed a green ugly thing
 13902 | D:12     | Killed a green ugly thing
 13902 | D:12     | Reached XP level 12. HP: 103/104 MP: 18/18
 13975 | D:12     | Noticed a hell hog
 13976 | D:12     | Noticed a rakshasa
 13983 | D:12     | Found a transporter.
 14067 | D:12     | Noticed YayAnonymity's ghost (journeyman TrFi)
 14068 | D:12     | Found a transporter.
 14227 | D:12     | Identified the +6 long sword of the Hidden Vale {distort,
                  | rF+}
 14227 | D:12     | Noticed a deep elf knight
 14241 | D:12     | Found a one-way gate to the infinite horrors of the Abyss.
 14458 | Lair:1   | Entered Level 1 of the Lair of Beasts
 14769 | Lair:1   | Noticed an eight-headed hydra
 14777 | Lair:1   | Killed an eight-headed hydra
 16422 | Lair:2   | Found a frozen archway.
 16440 | IceCv    | Entered an ice cave
 17174 | IceCv    | Reached skill level 10 in Fighting
 18972 | Lair:3   | Reached ****** piety under Beogh
 19032 | Lair:3   | Found a dark tunnel.
 19043 | Volcano  | Entered a volcano
 19160 | Volcano  | Noticed a two-headed ogre
 19173 | Volcano  | Reached XP level 13. HP: 99/114 MP: 20/20
 19906 | Volcano  | Reached skill level 10 in Polearms
 20291 | Volcano  | Noticed a fire dragon
 20301 | Volcano  | Reached skill level 10 in Invocations
 20310 | Volcano  | Killed a fire dragon
 21427 | Lair:3   | Reached skill level 10 in Armour
 22446 | Lair:4   | Found a hole to the Spider Nest.
 22750 | Lair:4   | Found a staircase to the Shoals.
 23223 | Lair:5   | Gained Geork as an ally
 23406 | Lair:5   | Reached XP level 14. HP: 85/124 MP: 21/21
 23416 | Lair:5   | HP: 8/187 [death yak (2)]
 24232 | Lair:6   | Entered Level 6 of the Lair of Beasts
 24783 | Lair:6   | Found a staircase to the Slime Pits.
 25534 | Lair:6   | Noticed a dire elephant
 25534 | Lair:6   | Noticed a dire elephant
 25539 | Lair:6   | Noticed a dire elephant
 25539 | Lair:6   | Noticed a dire elephant
 25541 | Lair:6   | Killed a dire elephant
 25550 | Lair:6   | Killed a dire elephant
 25552 | Lair:6   | Killed a dire elephant
 25557 | Lair:6   | Killed a dire elephant
 26196 | Orc:1    | Entered Level 1 of the Orcish Mines
 26657 | Orc:2    | Entered Level 2 of the Orcish Mines
 26668 | Orc:2    | Found Iseinaum's General Store.
 26669 | Orc:2    | Found Wely's Armour Shop.
 26669 | Orc:2    | Found Safaasmo's Antique Armour Shoppe.
 26669 | Orc:2    | Found Yretyrph's Distillery.
 26693 | Orc:2    | Found Maedam's Assorted Antiques.
 26697 | Orc:2    | Slain by a two-headed ogre

Illustrated notes

Levels and vault maps discovered:
D:1:      saegor_arrival_simple_b, layout_basic
D:2:      layout_basic, gammafunk_temple_overflow_statue, chequers_jeans,
          minmay_pentomino_p4, uniq_natasha
D:3:      layout_loops_corners, makhleb_blood_cavern_becter,
          chequers_ecumenical_altar_island
D:4:      layout_loops_ring, lemuel_round_altar
D:5:      corexii_shack_village, layout_basic,
          grunt_temple_overflow_magic_moments
D:6:      layout_cave_pods, minitemple, nicolae_ossuary_entry_catacombs
D:7:      layout_basic, minmay_temple_entry_arrows, fedhas_altar_4
D:8:      layout_basic
D:9:      lemuel_ice_spiral_2, layout_basic, gammafunk_temple_overflow_claw
D:10:     layout_irregular_city, dpeg_oklobed_lair, serial_shops, shop,
          uniq_maggie
D:11:     layout_irregular_city, serial_shops, nicolae_shop_waterfront,
          minmay_quadrilaterals, uniq_grum
D:12:     layout_basic, gammafunk_ghost_abyssal_escape, chequers_avenue
Lair:1:   layout_cave_pods, grunt_forest_stairs_basic, minivault_24,
          st_stairs_9, lemuel_fruit_fields, lemuel_fruit_tree,
          grunt_megastairs_5
Lair:2:   layout_gridlike, portal_ice_cave_entry_pillars_1, kennysheep_rathole
Lair:3:   layout_roguey, nicolae_volcano_entry_vermiform
Lair:4:   layout_cave_pods, elwin_shoals_entry_rooms, spider_nest_entry_rubble,
          guppyfry_lair_drakes
Lair:5:   layout_misc_corridors
Lair:6:   due_jungle_book, layout_regular_city, nicolae_slime_entry_slimehenge,
          columned_hall_lemuel
Orc:1:    layout_diamond_mine, mines4_lemuel
Orc:2:    st_orc_ogre_mass, layout_caves, serial_shops, shop

Skill      XL: |  1  2  3  4  5  6  7  8  9 10 11 12 13 14 |
---------------+-------------------------------------------+-----
Axes           | 3 5 7 8 9 11 13 | 13.2
Fighting       | 4 5 6 8 9 10 11 12 | 12.3
Dodging        | 1 2 3 4 5 6 7 |  7.4
Armour         | 4 5 6 7 8 9 10 11 | 11.4
Shields        | 4 5 6 7 8 |  8.2
Invocations    | 1 2 5 6 8 9 10 11 | 11.2
Stealth        | 1 |  1.7
Polearms       | 2 6 9 11 13 | 13.1

Action                   |  1- 3 |  4- 6 |  7- 9 | 10-12 | 13-15 || total
-------------------------+-------+-------+-------+-------+-------++-------
Melee: War axe           |    92 |   195 |   537 |   128 |       ||   952
       Trident           |       |       |       |   768 |   115 ||   883
       Glaive            |       |       |       |    46 |    50 ||    96
       Bardiche          |       |       |       |       |   325 ||   325
Invok: Convert to Beogh  |       |       |     1 |       |       ||     1
       Smiting           |       |       |     1 |     2 |       ||     3
       Recall Orcish Fol |       |       |       |     1 |     1 ||     2
       Give Item to Name |       |       |       |     1 |     1 ||     2
       Resurrection      |       |       |       |       |     1 ||     1
Evoke: Wand              |       |       |       |     5 |     3 ||     8
  Use: Scroll            |       |       |    11 |     7 |     3 ||    21
       Potion            |       |       |       |    14 |    10 ||    24
 Stab: Distracted        |       |       |     2 |     6 |     4 ||    12
       Invisible         |       |       |       |     3 |       ||     3
Armor: Scale mail        |    61 |    87 |   164 |   250 |    57 ||   619
       Chain mail        |       |       |    18 |       |       ||    18
       Plate armour      |       |       |       |   106 |   220 ||   326
Dodge: Dodged            |    30 |    66 |   132 |   296 |   374 ||   898
Block: Kite shield       |    66 |    88 |   200 |   696 |       ||  1050
       Reflection        |       |       |       |    17 |     1 ||    18
       Other             |       |       |       |    24 |   142 ||   166

Table legend: (Time is in decaauts)
 A = Elapsed time spent in this place.
 B = Non-inter-level travel time spent in this place.
 C = Inter-level travel time spent in this place.
 D = Time resting spent in this place.
 E = Time spent auto-exploring this place.
 F = Levels seen in this place.
 G = Mean time per level.
                   A        B        C        D        E       F      G
               +--------+--------+--------+--------+--------+-----+--------+
         Total |  26810 |  25953 |    857 |   2983 |  18413 |  23 | 1165.7 |
       Dungeon |  14341 |  13868 |    473 |    561 |  10862 |  12 | 1195.1 |
          Lair |   8322 |   7967 |    355 |    659 |   6211 |   6 | 1387.0 |
  Orcish Mines |    512 |    484 |     28 |      0 |    372 |   2 |  256.0 |
       Ossuary |    319 |    319 |      0 |      0 |     88 |   1 |  319.0 |
      Ice Cave |   1339 |   1339 |      0 |   1090 |     18 |   1 | 1339.0 |
       Volcano |   1977 |   1977 |      0 |    673 |    861 |   1 | 1977.0 |
               +--------+--------+--------+--------+--------+-----+--------+

Top non-repeatable levels by time:
    D:12: 2121 daAuts
 Volcano: 1977 daAuts
  Lair:6: 1764 daAuts
  Lair:1: 1641 daAuts
  Lair:2: 1409 daAuts
     D:7: 1367 daAuts
   IceCv: 1339 daAuts
     D:9: 1297 daAuts
     D:4: 1293 daAuts
     D:2: 1255 daAuts
  Lair:4: 1220 daAuts
  Lair:5: 1201 daAuts
    D:11: 1154 daAuts
     D:5: 1097 daAuts
     D:6: 1088 daAuts
